 Dungeon Crawl Stone Soup version 0.26-a0-438-g4b1dca4f87 (webtiles) character file.

Game seed: 7461168311034175460

131 Morbidden the Sneak (level 5, -9/27 HPs)
             Began as a Vine Stalker Brigand on July 26, 2020.
             Mangled by a wraith (12 damage)
             ... in an ossuary.
             The game lasted 00:05:30 (2271 turns).

Morbidden the Sneak (Vine Stalker Brigand)          Turns: 2271, Time: 00:05:30

Health: -9/27      AC:  3    Str: 15    XL:     5   Next: 14%
Magic:  0/8        EV: 27    Int: 11    God:
Gold:   160        SH:  0    Dex: 15    Spells: 6/6 levels left

rFire    . . .     SeeInvis +   a - +2 dagger (elec)
rCold    . . .     Faith    .   (no shield)
rNeg     . . .     Spirit   +   b - +0 robe
rPois    .         Reflect  .   (no helmet)
rElec    .         Harm     .   c - +0 cloak
rCorr    .                      (no gloves)
MR       .....                  (no boots)
Stlth    +++.......             k - amulet of the acrobat
HPRegen  0.49/turn              o - ring of see invisible
MPRegen  0.11/turn              (no ring)

@: acrobat, slowed, very slow
A: fangs 2, regeneration 1, magic shield, antimagic bite, no potion heal 3, rot
immunity
a: no special abilities


You were in an ossuary.
You visited 1 branch of the dungeon, and saw 3 of its levels.
You also visited: Ossuary.

You collected 160 gold pieces.

Inventory:

Hand Weapons
 a - a +2 dagger of electrocution (weapon)
Missiles
 d - 6 poisoned darts
 e - 2 curare-tipped darts
 g - 104 stones (quivered)
Armour
 b - a +0 robe (worn)
 c - a +0 cloak (worn)
Jewellery
 k - an amulet of the acrobat (around neck)
 o - a ring of see invisible (left hand)
Scrolls
 f - a scroll of fog
 h - a scroll of magic mapping {unknown}
 i - a scroll of immolation
 j - a scroll of teleportation
 p - a scroll of fear {unknown}
 s - a scroll of silence
 t - a scroll of identify
Potions
 l - a potion of heal wounds
 m - a potion of might {unknown}
 n - 2 potions of mutation {unknown}
 q - 3 potions of curing {unknown}
 r - a potion of stabbing {unknown}
 u - a potion of berserk rage {unknown}
 v - 2 potions of resistance {unknown}


   Skills:
 * Level 2.4 Fighting
 * Level 2.9 Short Blades
 + Level 2.0 Throwing
 * Level 1.3 Dodging
 + Level 5.7 Stealth
 * Level 1.3 Spellcasting


You had 6 spell levels left.
You didn't know any spells.
Your spell library was empty.

Dungeon Overview and Level Annotations

Branches:
Dungeon (4/15)            Ossuary (1/1)
 Temple: D:4-7

Altars:


Innate Abilities, Weirdness & Mutations

You have extremely sharp teeth.
Your natural rate of healing is unusually fast.
When hurt, damage is shared between your health and your magic reserves.
Your bite disrupts and absorbs the magic of your enemies.
Potions cannot restore your health.
You are immune to rotting.


Message History

A wraith comes into view.
Found an orange potion.
You hit the wraith but do no damage. Your bite misses the wraith.
You hit the wraith but do no damage. You bite the wraith, but do no damage.
The wraith hits you! The wraith drains your vigour!
You feel yourself slow down.
You closely miss the wraith. The wraith hits you. The wraith hits you!
* * * LOW HITPOINT WARNING * * *
Unknown command.
Unknown command.
Unknown command.
Unknown command.
It was a potion of heal wounds.
That seemed strangely inert.
The wraith hits you.
* * * LOW HITPOINT WARNING * * *
Unknown command.
Unknown command.
Okay, then.
The wraith hits you!
You die...

#.'..#.'...8...'.#.^'.# .#
.####.####.....####.####..#
..........................#
^..........#.#............#
.####......#'#......####..#
#.'...8...#.#...8...'.# .#
.####......###......####..
..^..^....................#
................@.........#
.#.#..#^#..#.#..#W#..#.#..#
# #..#+#..#+#..#'#..#+# .#
#..# #..# #..#!#..#
.###^.###..###..###..#
.................^....
......^................
###########'''##### ##...##


You could see a wraith.

Vanquished Creatures
  A big kobold zombie (Ossuary)
  2 mummies (Ossuary)
  An adder (D:2)
  2 oozes (D:2)
  A worm (D:2)
  A dart slug (D:1)
  3 leopard geckos
  A ball python (D:1)
  6 bats
  3 giant cockroaches
  4 goblins (D:1)
  7 hobgoblins
  6 jackals
  2 frilled lizards (D:1)
  A gnoll zombie (Ossuary)
  3 goblin zombies (Ossuary)
  5 hobgoblin zombies (Ossuary)
  7 kobolds
  5 kobold zombies (Ossuary)
  3 rats
64 creatures vanquished.

Notes
Turn   | Place    | Note
-------+----------+-------------------------------------------
     0 | D:1      | Morbidden the Vine Stalker Brigand began the quest for the
                  | Orb.
     0 | D:1      | Reached XP level 1. HP: 11/11 MP: 2/2
    42 | D:1      | Reached skill level 5 in Stealth
    54 | D:1      | Reached XP level 2. HP: 3/15 MP: 3/3
   668 | D:1      | Reached XP level 3. HP: 13/18 MP: 4/4
   954 | D:1      | Reached skill level 1 in Dodging
  1680 | D:2      | Gained mutation: Your natural rate of healing is unusually
                  | fast. [Vine Stalker growth]
  1680 | D:2      | Reached XP level 4. HP: 22/23 MP: 5/5
  1907 | D:2      | You fall into a shaft and drop 2 floors!
  1908 | D:4      | Noticed a phantom
  1961 | D:4      | Found a sand-covered staircase.
  1967 | Ossuary  | Entered an ossuary
  1967 | Ossuary  | Noticed a wraith
  1967 | Ossuary  | Noticed a wraith
  1967 | Ossuary  | Noticed a wraith
  2040 | Ossuary  | Reached skill level 1 in Spellcasting
  2103 | Ossuary  | Reached XP level 5. HP: 27/27 MP: 7/7
  2266 | Ossuary  | Noticed a wraith
  2271 | Ossuary  | Mangled by a wraith

Illustrated notes

Levels and vault maps discovered:
D:1:      dpeg_arrival_tiny_g, layout_rooms
D:2:      layout_basic, serial_forest, infiniplex_forest_straight_5,
          infiniplex_forest_lined_room_2, infiniplex_forest_straight_2,
          infiniplex_forest_corner_1, infiniplex_forest_corner_1,
          infiniplex_forest_straight_5, infiniplex_forest_lined_1,
          hangedman_abyss_or_decor_lesser_grid
D:4:      layout_loops_cross, nicolae_ossuary_entry_plus
Ossuary:  ossuary_kennysheep_city_of_the_dead

Skill      XL: |  1  2  3  4 |
---------------+-------------+-----
Stealth        | 5 |  5.7
Short Blades   | 2 |  2.9
Fighting       | 2 |  2.4
Dodging        | 1 |  1.3
Throwing       | 2 |  2.0
Spellcasting   | 1 |  1.3

Action                   |  1- 3 |  4- 6 || total
-------------------------+-------+-------++-------
Melee: Dagger            |    92 |    90 ||   182
       Bite              |    24 |    25 ||    49
Throw: Dart              |    11 |       ||    11
       Stone             |    12 |       ||    12
  Use: Scroll            |       |     7 ||     7
       Potion            |       |     1 ||     1
 Stab: Sleeping          |     4 |     3 ||     7
Armor: Robe              |    29 |    12 ||    41
Dodge: Dodged            |    67 |    53 ||   120

Table legend: (Time is in decaauts)
 A = Elapsed time spent in this place.
 B = Non-inter-level travel time spent in this place.
 C = Inter-level travel time spent in this place.
 D = Time resting spent in this place.
 E = Time spent auto-exploring this place.
 F = Levels seen in this place.
 G = Mean time per level.
                   A        B        C        D        E       F      G
               +--------+--------+--------+--------+--------+-----+--------+
         Total |   2247 |   2225 |     22 |    230 |   1330 |   4 |  561.8 |
       Dungeon |   1950 |   1928 |     22 |    227 |   1317 |   3 |  650.0 |
       Ossuary |    296 |    296 |      0 |      3 |     13 |   1 |  296.0 |
               +--------+--------+--------+--------+--------+-----+--------+

Top non-repeatable levels by time:
     D:1: 1256 daAuts
     D:2: 635 daAuts
 Ossuary: 296 daAuts
     D:4: 59 daAuts
